 Dungeon Crawl Stone Soup version 0.32-a0-607-g64ea0e4219 (webtiles) character file.

Game seed: 2318261781209403935

1124 cforsyth the Grave Robber (level 8, -3/69 HPs)
             Began as a Mountain Dwarf Necromancer on Mar 4, 2024.
             Slain by an ogre
             ... wielding a +0 giant spiked club
              (32 damage)
             ... on level 6 of the Dungeon.
             The game lasted 00:10:55 (6849 turns).

cforsyth the Grave Robber (MDNe)                    Turns: 6849, Time: 00:10:56

Health: -3/69      AC: 10    Str: 13    XL:     8   Next: 13%
Magic:  0/10       EV:  7    Int: 16    God:
Gold:   278        SH:  0    Dex: 10    Spells: 9/10 levels left

rFire   . . .        l - +0 war axe
rCold   . . .        (no shield)
rNeg    . . .        n - +0 chain mail
rPois   .            (no helmet)
rElec   .            (no cloak)
rCorr   .            (no gloves)
SInv    .            s - +0 pair of boots
Will    .....        (no amulet) Stlth
                     (no ring)
HPRegen 0.31/turn    (no ring)
MPRegen 0.12/turn

%: no passive effects
@: no status effects
A: runic magic, artefact enchanting
a: no special abilities


You were on level 6 of the Dungeon.
You visited 1 branch of the dungeon, and saw 6 of its levels.

You collected 278 gold pieces.


Innate Abilities, Weirdness & Mutations

Your spellcasting is much less encumbered by armour.
You can use scrolls of enchantment on lesser artefacts.


   Skills:
 + Level 5.4 Fighting
 + Level 5.0 Axes
 + Level 4.6 Armour
 - Level 1.3 Dodging
 - Level 1.4 Stealth
 - Level 1.7 Spellcasting
 + Level 7.2 Necromancy


You had 9 spell levels left.
You knew the following spells:

 Your Spells              Type           Power      Damage    Failure   Level
X - Necrotise             Necr           96%        1d8       2%          1

Your spell library contained the following spells:

 Spells                   Type           Power      Damage    Failure   Level
 Fugue of the Fallen      Necr           24%        N/A       7%          3
 Vampiric Draining        Necr           24%        2d7       7%          3
 Animate Dead             Necr           24%        N/A       22%         4
 Magic Dart               Conj           4%         1d3       38%         1
 Slow                     Hex            4%         N/A       38%         1
 Curse of Agony           Necr           24%        N/A       52%         5
 Blink                    Tloc           2%         N/A       54%         2
 Call Imp                 Summ           2%         N/A       54%         2
 Ensorcelled Hibernation  Hex/Ice        2%         N/A       54%         2
 Anguish                  Hex/Necr       6%         N/A       67%         4
 Confusing Touch          Hex            1%         N/A       77%         3
 Ozocubu's Armour         Ice            1%         N/A       77%         3
 Sigil of Binding         Hex            1%         N/A       77%         3
 Metabolic Englaciation   Hex/Ice        0%         N/A       100%        5
 Sculpt Simulacrum        Ice/Alch       0%         N/A       100%        6

Inventory:

Hand Weapons
 l - a +0 war axe (weapon)
Missiles
 o - a throwing net {=f}
Armour
 n - a +0 chain mail (worn)
 s - a +0 pair of boots (worn)
Magical Staves
 g - a staff of cold {!a}
Scrolls
 c - 2 scrolls of poison {unknown}
 d - a scroll of enchant weapon {unknown}
 e - 2 scrolls of noise {unknown}
 f - 3 scrolls of identify {unknown}
 i - 2 scrolls of enchant armour {unknown}
 m - 2 scrolls of vulnerability {unknown}
Potions
 b - 4 potions of magic
 h - 4 potions of curing {unknown}
 j - a potion of haste {unknown}
 k - 2 potions of heal wounds {unknown}
 p - 2 potions of mutation {unknown}
 q - 2 potions of lignification {unknown}
 r - a potion of enlightenment {unknown}

Dungeon Overview and Level Annotations

Branches:
Dungeon (6/15)
 Temple: D:4-7

Altars:
Elyvilon
Sif Muna
Uskayaw
Wu Jian

Annotations:
D:4 1 runed translucent door, Crazy Yiuf
D:5 Edmund

#....# #....#.
.... #.# ....
#.# ...###.# .
.......#### ...
#.......###....
#.............#
+.....O@....#
#[......#####
#..............
#.###.#########
#. ..... #
###.### ... #.#
#.#


You could see an ogre.


Message History

You can't see any susceptible monsters within range! (Use Z to cast anyway.)
You can't see any susceptible monsters within range! (Use Z to cast anyway.)
You can't see any susceptible monsters within range! (Use Z to cast anyway.)
s - a +0 pair of boots You finish putting on your +0 pair of boots.
You drop a +0 robe.
There is a stone staircase leading up, spattered with blood here.
An ogre comes into view. It is wielding a +0 giant spiked club.
An ogre is nearby!
The ogre shouts!
You can't see any susceptible monsters within range! (Use Z to cast anyway.)
You can't see any susceptible monsters within range! (Use Z to cast anyway.)
You can't see any susceptible monsters within range! (Use Z to cast anyway.)
You can't see any susceptible monsters within range! (Use Z to cast anyway.)
The ogre barely resists.
The ogre writhes in agony.
The ogre writhes in agony.
The ogre writhes in agony.
The ogre writhes in agony.
The ogre hits you with a +0 giant spiked club!
The ogre writhes in agony.
You are out of magic!
You slash the ogre!
The ogre is severely wounded.
The ogre hits you with a +0 giant spiked club!!
* * * LOW HITPOINT WARNING * * *
You hit the ogre.
The ogre is almost dead.
The ogre hits you with a +0 giant spiked club!!
You die...

Skill      XL: |  1  2  3  4  5  6  7  8 |
---------------+-------------------------+-----
Fighting       | 1 2 3 4 5 |  5.4
Necromancy     | 5 6 7 |  7.2
Armour         | 1 2 3 4 |  4.6
Axes           | 1 2 3 4 5 |  5.0
Dodging        | |  1.3
Stealth        | |  1.4
Spellcasting   | |  1.7

Action                     |  1- 3 |  4- 6 |  7- 9 || total
---------------------------+-------+-------+-------++-------
  Melee: Unarmed           |    26 |       |       ||    26
         Dagger            |     6 |       |       ||     6
         War axe           |       |    50 |    28 ||    78
   Cast: Necrotise         |    84 |   137 |    81 ||   302
 Armour: Robe              |    30 |    48 |       ||    78
         Chain mail        |       |    70 |   134 ||   204
  Dodge: Dodged            |    27 |    69 |    53 ||   149

Levels and vault maps discovered:
D:1:      dpeg_arrival_round_a, layout_basic, minmay_shallow_snake_nest
D:2:      layout_basic, feat_on_display
D:3:      layout_rooms, minitemple
D:4:      layout_cave_pools, overflow_temple_1_default, uniq_sigmund,
          uniq_crazy_yiuf_cottage
D:5:      layout_cave_pools, lemuel_temple_firewalk_b, uniq_edmund
D:6:      layout_basic

Notes
Turn   | Place    | Note
-------+----------+-------------------------------------------
     0 | D:1      | cforsyth the Mountain Dwarf Necromancer began the quest for
                  | the Orb.
     0 | D:1      | Reached XP level 1. HP: 14/14 MP: 3/3
   256 | D:1      | Reached skill level 1 in Fighting
   269 | D:1      | Reached XP level 2. HP: 19/23 MP: 1/4
   853 | D:1      | Reached skill level 2 in Fighting
   853 | D:1      | Reached skill level 5 in Necromancy
   853 | D:1      | Reached XP level 3. HP: 29/29 MP: 0/5
  2178 | D:2      | Reached XP level 4. HP: 37/37 MP: 0/6
  2664 | D:3      | Reached skill level 1 in Armour
  2667 | D:3      | Reached skill level 1 in Axes
  2817 | D:3      | Reached skill level 3 in Fighting
  3269 | D:3      | Found an ornate altar of the Wu Jian Council.
  3300 | D:3      | Found a shimmering blue altar of Sif Muna.
  3311 | D:3      | Reached XP level 5. HP: 29/45 MP: 4/7
  3314 | D:3      | Found a white marble altar of Elyvilon.
  4019 | D:4      | Found a hide-covered altar of Uskayaw.
  4127 | D:4      | Reached skill level 2 in Axes
  4127 | D:4      | Reached skill level 2 in Armour
  4307 | D:4      | Reached XP level 6. HP: 51/51 MP: 4/8
  4462 | D:4      | Reached skill level 6 in Necromancy
  4512 | D:4      | Noticed Sigmund
  4967 | D:4      | Killed Sigmund
  4968 | D:4      | Reached skill level 4 in Fighting
  4968 | D:4      | Reached skill level 3 in Axes
  4968 | D:4      | Reached skill level 3 in Armour
  5017 | D:4      | Reached XP level 7. HP: 59/59 MP: 5/9
  5232 | D:4      | Found a runed translucent door.
  5233 | D:4      | Noticed Crazy Yiuf
  5376 | D:5      | Entered Level 5 of the Dungeon
  5974 | D:5      | Reached skill level 4 in Axes
  6060 | D:5      | Noticed Edmund
  6091 | D:6      | Reached skill level 5 in Fighting
  6091 | D:6      | Reached skill level 4 in Armour
  6233 | D:6      | Reached skill level 7 in Necromancy
  6272 | D:6      | Reached XP level 8. HP: 68/68 MP: 1/10
  6820 | D:6      | Reached skill level 5 in Axes
  6849 | D:6      | Slain by an ogre

Vanquished Creatures
  Sigmund (D:4)
  2 sky beasts (D:6)
  A scorpion (D:5)
  3 bombardier beetles
  A hound (D:5)
  2 jellies (D:5)
  2 orc priests
  A sleepcap (D:6)
  An orc wizard (D:4)
  5 iguanas
  4 gnolls
  10 adders
  A shadow imp (D:4)
  4 ufetubi
  4 dart slugs
  3 ribbon worms
  11 orcs
  6 ball pythons
  6 endoplasms
  5 giant cockroaches
  15 goblins
  4 hobgoblins
  5 jackals
  6 quokkas
  4 bats
  3 frilled lizards
  7 kobolds
  9 rats
126 creatures vanquished.

Vanquished Creatures (collateral kills)
  2 orcs
  An endoplasm (D:3)
  A goblin (D:1)
  A jackal (D:2)
5 creatures vanquished.

Grand Total: 131 creatures vanquished

Table legend: (Time is in decaauts)
 A = Elapsed time spent in this place.
 B = Non-inter-level travel time spent in this place.
 C = Inter-level travel time spent in this place.
 D = Time resting spent in this place.
 E = Time spent auto-exploring this place.
 F = Levels seen in this place.
 G = Mean time per level.
                   A        B        C        D        E       F      G
               +--------+--------+--------+--------+--------+-----+--------+
         Total |   6888 |   6678 |    210 |    909 |   4528 |   6 | 1148.0 |
       Dungeon |   6888 |   6678 |    210 |    909 |   4528 |   6 | 1148.0 |
               +--------+--------+--------+--------+--------+-----+--------+

Top non-repeatable levels by time:
     D:3: 1879 daAuts
     D:1: 1511 daAuts
     D:4: 1276 daAuts
     D:2: 1021 daAuts
     D:5: 843 daAuts
     D:6: 356 daAuts

Table legend:
 A = Non-vault XP
 B = Vault XP
 C = Vault XP percentage of total XP
 D = Non-vault monster count
 E = Vault monster count
 F = Vault count percentage of total count
                 A         B        C        D         E       F
            +---------+---------+-------+---------+---------+-------
      Total |    1367 |     239 |  14.9 |     130 |       1 |   0.8
            +---------+---------+-------+---------+---------+-------
        D:1 |      62 |       0 |   0.0 |      34 |       0 |   0.0
        D:2 |      77 |       0 |   0.0 |      21 |       0 |   0.0
        D:3 |     133 |       0 |   0.0 |      31 |       0 |   0.0
        D:4 |     254 |     239 |  48.5 |      23 |       1 |   4.2
        D:5 |     412 |       0 |   0.0 |      15 |       0 |   0.0
        D:6 |     429 |       0 |   0.0 |       6 |       0 |   0.0
            +---------+---------+-------+---------+---------+-------
